 Dungeon Crawl Stone Soup version 0.26-a0-651-gb41185065b (webtiles) character file.

Game seed: 451496115216497872

275 Lugonue the Insei (level 6, -3/38 HPs)
             Began as an Octopode Transmuter on Oct 29, 2020.
             Was a Follower of Wu Jian.
             Slain by Sigmund
             ... wielding a +0 scythe
              (12 damage)
             ... on level 3 of the Dungeon.
             The game lasted 00:05:20 (3890 turns).

Lugonue the Insei (Octopode Transmuter)             Turns: 3890, Time: 00:05:20

Health: -3/38      AC:  2    Str: 10    XL:     6   Next: 25%
Magic:  8/10       EV: 21    Int: 17    God:    Wu Jian [*.....]
Gold:   167        SH:  0    Dex: 17    Spells: 7/11 levels left

rFire    . . .     SeeInvis .     - Unarmed
rCold    . . .     Faith    .   (shield currently unavailable)
rNeg     . . .     Spirit   .   (helmet currently unavailable)
rPois    x         Reflect  .   (no amulet)
rElec    .         Harm     .   g - ring of protection from magic
rCorr    .         Rampage  .   (no ring)
MR       +....                  (no ring)
Stlth    ++........             (no ring)
HPRegen  0.12/turn              (no ring)
MPRegen  0.12/turn              (no ring)
                                (no ring)
                                (no ring)

@: spider-form (expiring)
A: tiny, almost no armour, stealthy swim, (amphibious), 8 rings, (constrict 8)
a: End Transformation, Renounce Religion


You were on level 3 of the Dungeon.
You worshipped Wu Jian.
Wu Jian was aware of your devotion.
You were a venomous arachnid creature.
You visited 1 branch of the dungeon, and saw 3 of its levels.

You collected 167 gold pieces.

Inventory:

Jewellery
 f - an uncursed ring of ice
 g - a ring of protection from magic (left front leg)
Potions
 h - a potion of lignification
 i - a potion of stabbing
 j - a potion of curing {unknown}
 k - a potion of haste {unknown}


   Skills:
 + Level 1.0 Fighting
 * Level 3.3 Dodging
 + Level 4.3 Unarmed Combat
 + Level 3.2 Spellcasting
 * Level 3.7 Transmutations


You had 7 spell levels left.
You knew the following spells:

 Your Spells              Type           Power        Failure   Level
a - Beastly Appendage     Tmut           ###...       12%         1
b - Spider Form           Tmut/Pois      #.........   45%         3

Your spell library contained the following spells:

 Spells                   Type           Power        Failure   Level
 Wereblood                Tmut           ###.....     16%         2
 Ice Form                 Ice/Tmut       #.......     80%         4
 Blade Hands              Tmut           ###.......   87%         5


Dungeon Overview and Level Annotations

Branches:
Dungeon (3/15)

Altars:
Gozag
Nemelex Xobeh
Wu Jian

Annotations:
D:3 Sigmund


Innate Abilities, Weirdness & Mutations

You cannot wear most types of armour.
You are very stealthy in the water. (Stealth+)
((You are amphibious.))
You can wear up to eight rings at the same time.
((You can use your tentacles to constrict eight enemies at once.))
((Your skin changes colour to match your surroundings (Stealth+).))
((Your rubbery body absorbs attacks. (AC +1, EV +1)))


Message History

The adder misses you.
You hit the adder but do no damage.
The adder looks as sick as possible!
The adder completely misses you.
You bite the adder!
You kill the adder!
The Council accepts your kill. Something closely misses you.
Something hits you. Something closely misses you. Something hits you.
You hit something. Something closely misses you.
You hit something.
Your transformation is almost over.
Something barely misses you.
You completely miss something. You hit something. Something hits you.
* * * LOW HITPOINT WARNING * * *
You barely miss something. You hit something but do no damage.
Something hits you!
You die...

**,* #...# **,*********** *****
#.... ,,,,,,,,,,,,,***,,,** #...#
**,**,,,***,,,*,***,* ##.##
**,*,,,,,**,,,,,* *,* #.##
**,**,,,***,,,#.###,* ######.##
,,,***,** ****##...### #........
**** #,* #.###K.# #.####.#. #.*
*#s#.#.# #.# ##.#. ##'#* ##{##K#
#.# #..#. *#...#* ####S# #.#
#.##. **.....#* ### #.# #.# #.##.
**,......#* ##.###.# #.###..#.
**,,.......####...##.####........
,+,,.......'....@S...............
**,,.......####...##.####........
**,......#* ##.###.# #.#.#..#.


There were no monsters in sight!

Vanquished Creatures
  2 orc priests (D:3)
  Natasha (D:3)
  An orc wizard (D:3)
  A worker ant (D:3)
  A gnoll (D:1)
  4 adders
  2 oozes
  2 worms
  2 dart slugs
  2 leopard geckos (D:2)
  3 orcs (D:3)
  A ball python (D:1)
  8 bats
  2 giant cockroaches
  10 goblins
  8 hobgoblins
  4 jackals (D:1)
  A quokka (D:3)
  4 frilled lizards
  10 kobolds
  12 rats
81 creatures vanquished.

Notes
Turn   | Place    | Note
-------+----------+-------------------------------------------
     0 | D:1      | Lugonue the Octopode Transmuter began the quest for the
                  | Orb.
     0 | D:1      | Reached XP level 1. HP: 13/13 MP: 3/3
   103 | D:1      | Reached XP level 2. HP: 1/18 MP: 3/5
   408 | D:1      | Reached XP level 3. HP: 13/23 MP: 6/6
  2139 | D:2      | Reached XP level 4. HP: 28/28 MP: 5/7
  2497 | D:2      | Learned a level 3 spell: Spider Form
  2572 | D:2      | Found a sparkling altar of Nemelex Xobeh.
  2572 | D:2      | Found an opulent altar of Gozag.
  3003 | D:3      | Reached XP level 5. HP: 33/33 MP: 6/9
  3240 | D:3      | Reached skill level 4 in Unarmed Combat
  3317 | D:3      | Reached XP level 6. HP: 36/38 MP: 8/10
  3402 | D:3      | Noticed Natasha
  3410 | D:3      | Killed Natasha
  3746 | D:3      | Found a faded altar of an unknown god.
  3752 | D:3      | Became a worshipper of the Wu Jian Council
  3752 | D:3      | Reached * piety under Wu Jian
  3839 | D:3      | Noticed Sigmund
  3890 | D:3      | Slain by Sigmund

Illustrated notes

Levels and vault maps discovered:
D:1:      tarquinn_simple_flora_water_f, layout_basic
D:2:      layout_loops_ring, grunt_temple_overflow_opulence
D:3:      layout_loops_corners, chequers_ecumenical_altar_simple, uniq_natasha,
          uniq_sigmund

Skill      XL: |  1  2  3  4  5 |
---------------+----------------+-----
Dodging        | 3 |  3.3
Transmutations | 3 |  3.7
Unarmed Combat | 4 |  4.3
Spellcasting   | 3 |  3.2
Fighting       | |  1.0

Action                   |  1- 3 |  4- 6 || total
-------------------------+-------+-------++-------
Melee: Unarmed           |    80 |   116 ||   196
       Constrict         |    23 |    24 ||    47
       Tentacles         |    13 |    14 ||    27
       Kick              |    16 |    17 ||    33
       Punch             |       |     2 ||     2
 Cast: Beastly Appendage |    22 |    16 ||    38
       Spider Form       |       |     4 ||     4
Invok: Lunge             |       |     1 ||     1
  Use: Scroll            |       |     7 ||     7
 Stab: Sleeping          |     3 |     3 ||     6
       Distracted        |       |     1 ||     1
Armor: Skin              |     8 |     4 ||    12
Dodge: Dodged            |    45 |    77 ||   122

Table legend: (Time is in decaauts)
 A = Elapsed time spent in this place.
 B = Non-inter-level travel time spent in this place.
 C = Inter-level travel time spent in this place.
 D = Time resting spent in this place.
 E = Time spent auto-exploring this place.
 F = Levels seen in this place.
 G = Mean time per level.
                   A        B        C        D        E       F      G
               +--------+--------+--------+--------+--------+-----+--------+
         Total |   3874 |   3818 |     56 |      5 |   3144 |   3 | 1291.3 |
       Dungeon |   3874 |   3818 |     56 |      5 |   3144 |   3 | 1291.3 |
               +--------+--------+--------+--------+--------+-----+--------+

Top non-repeatable levels by time:
     D:1: 1895 daAuts
     D:2: 1063 daAuts
     D:3: 915 daAuts
